 Dungeon Crawl Stone Soup version 0.25.0 (webtiles) character file.

Game seed: 1679160374456583490

63 Donthurtboomboom the Chopper (level 4, 0/31 HPs)
             Began as a Halfling Berserker on June 12, 2020.
             Was a Follower of Trog.
             Slain by Terence
             ... wielding a +0 flail
              (5 damage)
             ... on level 2 of the Dungeon.
             The game lasted 00:10:38 (2424 turns).

Donthurtboomboom the Chopper (Halfling Berserker)   Turns: 2424, Time: 00:10:40

Health: 0/31       AC:  2    Str: 19    XL:     4   Next: 31%
Magic:  4/4        EV: 15    Int:  5    God:    Trog [*.....]
Gold:   34         SH:  0    Dex: 13    Spells: 3/3 levels left

rFire    . . .     SeeInvis .   a - +0 hand axe
rCold    . . .     Gourm    .   (shield restricted)
rNeg     . . .     Faith    .   b - +0 animal skin
rPois    .         Spirit   .   (no helmet)
rElec    .         Reflect  .   (no cloak)
rCorr    .         Harm     .   (no gloves)
MR       .....                  (no boots)
Stlth    +.........             (no amulet)
HPRegen  0.10/turn              (no ring)
MPRegen  0.09/turn              (no ring)

@: brilliant, flying
A: small, mutation resistance 1
a: Berserk, Renounce Religion


You were on level 2 of the Dungeon.
You worshipped Trog.
Trog was aware of your devotion.
You were not hungry.

You visited 1 branch of the dungeon, and saw 2 of its levels.

You collected 34 gold pieces.

Inventory:

Hand Weapons
 a - a +0 hand axe (weapon)
Armour
 b - a +0 animal skin (worn)
Scrolls
 e - 2 scrolls of identify
Potions
 f - a potion of flight
 g - a potion of lignification {unknown}
Comestibles
 c - a ration
 h - a chunk of flesh


   Skills:
 + Level 3.2 Fighting
 + Level 4.1 Axes
 + Level 2.4 Armour
 + Level 2.5 Dodging


You had 3 spell levels left.
You didn't know any spells.
Your spell library was empty.

Dungeon Overview and Level Annotations

Branches:
Dungeon (2/15)

Altars:

Annotations:
D:2 Terence


Innate Abilities, Weirdness & Mutations

You are small and have problems with some larger weapons.
You are somewhat resistant to further mutation.


Message History

Terence is heavily wounded.
Terence hits you with a +0 flail!
* * * LOW HITPOINT WARNING * * *
You hit Terence but do no damage.
Terence is heavily wounded.
As you read the scroll labeled KANTIT JOTHU, it crumbles to dust.
It is a scroll of identify.
d - a potion of brilliance Terence closely misses you.
Drop what? 8/52 slots (_ for help) (? for menu, Esc to quit)
Okay, then.
Unknown command.
Unknown command.
You feel clever all of a sudden. Terence hits you with a +0 flail.
* * * LOW HITPOINT WARNING * * *
It was a potion of flight.
You feel very buoyant.
You fly up into the air.
Terence hits you with a +0 flail.
You die...

# .# #. .# ...
####.#..#
...... #####..#
##.....##
#####..รท##@@#
#.........#...#
#.###..<#.##.##
#.# ##.##.# .#
##.## #.##.# .#
#...# #.##. #
#...###.##.
#.......##.
######.##


You could see Terence.

Vanquished Creatures
  Natasha (D:2)
  A gnoll (D:1)
  An ooze (D:1)
  3 bats (D:1)
  A giant cockroach (D:1)
  4 goblins (D:1)
  2 hobgoblins (D:2)
  4 jackals (D:1)
  A frilled lizard (D:1)
  3 kobolds (D:1)
  3 rats
24 creatures vanquished.

Notes
Turn   | Place    | Note
-------+----------+-------------------------------------------
     0 | D:1      | Donthurtboomboom the Halfling Berserker began the quest for
                  | the Orb.
     0 | D:1      | Reached XP level 1. HP: 15/15 MP: 1/1
   107 | D:1      | Reached XP level 2. HP: 20/20 MP: 2/2
   457 | D:1      | Reached XP level 3. HP: 16/26 MP: 3/3
  1973 | D:2      | Noticed Natasha
  1984 | D:2      | Killed Natasha
  1984 | D:2      | Reached skill level 4 in Axes
  1984 | D:2      | Reached XP level 4. HP: 14/31 MP: 4/4
  2401 | D:2      | Noticed Terence
  2424 | D:2      | Slain by Terence

Illustrated notes

Levels and vault maps discovered:
D:1:      mrwooster_arrival_statue_3, layout_loops_ring
D:2:      layout_loops_ring, minmay_misc_feat_rugged, st_stairs_12,
          elyvilon_altar_3, uniq_natasha, uniq_terence, uniq_crazy_yiuf_cottage

Skill      XL: |  1  2  3 |
---------------+----------+-----
Fighting       | 3 |  3.2
Axes           | 4 |  4.1
Armour         | |  2.4
Dodging        | |  2.5

Action                   |  1- 3 |  4- 6 || total
-------------------------+-------+-------++-------
Melee: Hand axe          |    60 |    23 ||    83
  Use: Potion            |       |     2 ||     2
       Scroll            |       |     1 ||     1
  Eat: Ration            |     1 |       ||     1
       Chunk             |     1 |       ||     1
Armor: Animal skin       |     9 |     1 ||    10
Dodge: Dodged            |    56 |    14 ||    70
